 Dungeon Crawl Stone Soup version 0.28-a0-1632-g283549b12f (webtiles) character file.

Game seed: 3459685270552223801

4246 Nattfarinn the Slicer (level 10, -2/58 HPs)
             Began as a Vine Stalker Berserker on Jan 25, 2022.
             Was a Priest of Trog.
             Slain by a cyan ugly thing (10 damage)
             ... on level 8 of the Dungeon.
             The game lasted 00:13:51 (7843 turns).

Nattfarinn the Slicer (Vine Stalker Berserker)      Turns: 7843, Time: 00:13:53

Health: -2/58      AC:  4    Str: 25    XL:     10   Next: 30%
Magic:  0/15       EV: 12    Int:  7    God:    Trog [***...]
Gold:   301        SH:  0    Dex: 13    Spells: 14/14 levels left

rFire   + . .      SeeInvis .   u - +2 dagger (speed)
rCold   . . .      Faith    .   (no shield)
rNeg    . . .      Spirit   +   b - +0 animal skin
rPois   .          Reflect  .   (no helmet)
rElec   .          Harm     .   e - +1 cloak
rCorr   .          Rampage  .   (no gloves)
Will    +....                   (no boots)
Stlth   +.........              w - amulet of magic regeneration
HPRegen 0.99/turn               l - ring of protection from fire
MPRegen 0.54/turn               (no ring)

@: no status effects
A: fangs 3, regeneration 1, magic shield, antimagic bite, no potion heal 2
a: Renounce Religion, Berserk, Trog's Hand


You were on level 8 of the Dungeon.
You worshipped Trog.
Trog was most pleased with you.
You visited 1 branch of the dungeon, and saw 8 of its levels.

You collected 367 gold pieces.
You spent 66 gold pieces at shops.

Inventory:

Hand Weapons
 a - a +0 short sword
 f - a +0 dagger
 u - a +2 dagger of speed (weapon)
Armour
 b - a +0 animal skin (worn)
 e - a +1 cloak (worn)
Jewellery
 h - a ring of fire
 l - a ring of protection from fire (left hand)
 w - an amulet of magic regeneration (around neck)
Wands
 v - a wand of paralysis (11)
Scrolls
 c - a scroll of vulnerability
 j - 2 scrolls of fog
 k - 3 scrolls of teleportation
 o - a scroll of blinking
 r - a scroll of amnesia {unknown}
 t - a scroll of immolation {unknown}
Potions
 d - a potion of mutation
 g - 3 potions of curing
 i - 3 potions of ambrosia
 m - a potion of experience {unknown}
 n - a potion of brilliance {unknown}
 p - a potion of might
 q - 3 potions of degeneration {unknown}
 s - a potion of haste {unknown}


   Skills:
 + Level 9.6 Fighting
 - Level 10.0 Short Blades
 - Level 1.5 Armour
 - Level 1.5 Dodging
 - Level 2.8 Spellcasting


You had 14 spell levels left.
You didn't know any spells.
Your spell library was empty.

Dungeon Overview and Level Annotations

Branches:
Dungeon (8/15)             Temple (0/1) D:5
   Lair: D:8-11

Altars:
Ashenzari
Gozag
Okawaru
Sif Muna
Wu Jian

Shops:
D:3 ?

Annotations:
D:3 2 transporters, generaletaddeo's ghost, amateur DgCj


Innate Abilities, Weirdness & Mutations

You have razor-sharp teeth.
Your natural rate of healing is unusually fast.
When hurt, damage is shared between your health and your magic reserves.
Your bite disrupts and absorbs the magic of your enemies.
Potions cannot restore your health.


Message History

The cyan ugly thing barely misses you.
You hit the cyan ugly thing but do no damage.
You bite the cyan ugly thing. You drain its power.
You feel invigorated.
The cyan ugly thing is moderately wounded.
You hit the cyan ugly thing but do no damage.
You bite the cyan ugly thing, but do no damage.
The cyan ugly thing is moderately wounded.
You hit the cyan ugly thing.
The cyan ugly thing is moderately wounded.
The cyan ugly thing misses you.
You hit the cyan ugly thing. Your bite misses the cyan ugly thing.
The cyan ugly thing is moderately wounded.
You hit the cyan ugly thing. You bite the cyan ugly thing! You drain its power.
The cyan ugly thing is heavily wounded.
You hit the cyan ugly thing but do no damage.
The cyan ugly thing is heavily wounded.
The cyan ugly thing engulfs you. The cyan ugly thing shocks you!
You hit the cyan ugly thing but do no damage.
Your bite misses the cyan ugly thing.
The cyan ugly thing is heavily wounded.
You hit the cyan ugly thing. You bite the cyan ugly thing! You drain its power.
You feel invigorated.
The cyan ugly thing is severely wounded.
You hit the cyan ugly thing. Your bite misses the cyan ugly thing.
The cyan ugly thing is severely wounded.
The cyan ugly thing engulfs you. The cyan ugly thing shocks you!
* * * LOW HITPOINT WARNING * * *
You hit the cyan ugly thing but do no damage.
Your bite misses the cyan ugly thing.
The cyan ugly thing is severely wounded.
You hit the cyan ugly thing.
You bite the cyan ugly thing, but do no damage.
The cyan ugly thing is severely wounded.
You hit the cyan ugly thing but do no damage.
Your bite misses the cyan ugly thing.
The cyan ugly thing is severely wounded.
The cyan ugly thing engulfs you!
* * * LOW HITPOINT WARNING * * *
The cyan ugly thing shocks you!
You die...

########.....#...##...##......#
.......#.....#........#########
.......#.....#.........#
.......#.....)...##...##
.......'.....#...######
.......#.....#....#
.......#.....#....#
#####'##.....#..u.# ###
.............#..@.# #.#######
.............#...######.......#
.............#...#............#
.............#...#.....#......#
.............#...#.....#......#
.............#...#.....########
.............#...#.....#......#
.............#...#.....#......#
..###'##.....#...'.....#......#


You could see a cyan ugly thing.

Vanquished Creatures
  2 two-headed ogres
  Joseph (D:8)
  A gargoyle (D:8)
  A troll (D:8)
  Prince Ribbit (D:8)
  2 water moccasins (D:7)
  An ice beast (D:7)
  A necrophage (D:6)
  A sky beast (D:6)
  4 centaurs
  A phantom (D:5)
  A kobold brigand (D:8)
  A water moccasin zombie (D:6)
  A scorpion (D:6)
  3 howler monkeys
  2 jellies
  2 bullfrog zombies
  A centaur zombie (D:7)
  A gnoll shaman (D:7)
  A centaur skeleton (D:7)
  5 orc priests
  2 bullfrog skeletons (D:5)
  5 iguanas
  4 orc wizards
  A killer bee zombie (D:8)
  A hound skeleton (D:4)
  3 gnolls (D:7)
  A howler monkey skeleton (D:6)
  2 adders
  A shadow imp (D:6)
  3 white imps
  3 worms
  3 dart slugs
  19 orcs
  5 endoplasms
  6 giant cockroaches
  7 goblins
  5 hobgoblins
  A jackal (D:1)
  13 kobolds
  9 ball pythons
  4 bats
  5 frilled lizards
  7 rats
144 creatures vanquished.

Notes
Turn   | Place    | Note
-------+----------+-------------------------------------------
     0 | D:1      | Nattfarinn the Vine Stalker Berserker began the quest for
                  | the Orb.
     0 | D:1      | Reached XP level 1. HP: 11/11 MP: 2/2
   171 | D:1      | Reached XP level 2. HP: 13/16 MP: 4/4
   334 | D:1      | Reached skill level 3 in Short Blades
   334 | D:1      | Reached skill level 1 in Spellcasting
   596 | D:1      | Reached XP level 3. HP: 6/19 MP: 3/6
  1374 | D:2      | Noticed a scorpion
  1899 | D:2      | Gained mutation: Your natural rate of healing is unusually
                  | fast. [Vine Stalker growth]
  1899 | D:2      | Reached XP level 4. HP: 14/24 MP: 8/8
  2099 | D:3      | Found a faded altar of an unknown god.
  2131 | D:3      | Found Cearriw's Magic Scroll Emporium.
  2139 | D:3      | Bought 3 scrolls of identify for 66 gold pieces
  2312 | D:3      | Found a transporter.
  2316 | D:3      | Noticed generaletaddeo's ghost (amateur DgCj)
  2317 | D:3      | Found a transporter.
  2537 | D:4      | Noticed a centaur
  2788 | D:4      | Reached XP level 5. HP: 14/28 MP: 6/10
  2817 | D:4      | Reached skill level 4 in Short Blades
  2956 | D:4      | Killed a centaur
  2957 | D:4      | Reached XP level 6. HP: 14/33 MP: 3/11
  3293 | D:4      | Reached skill level 5 in Short Blades
  3307 | D:4      | Found a broken altar of Ashenzari.
  3311 | D:4      | Found a shimmering blue altar of Sif Muna.
  3704 | D:5      | Entered Level 5 of the Dungeon
  3909 | D:5      | Reached XP level 7. HP: 37/37 MP: 12/12
  4152 | D:5      | Reached skill level 6 in Short Blades
  4236 | D:5      | Reached ** piety under Trog
  4469 | D:5      | Found a staircase to the Ecumenical Temple.
  4819 | D:6      | Reached skill level 5 in Fighting
  4819 | D:6      | Gained mutation: You have razor-sharp teeth. [Vine Stalker
                  | growth]
  4819 | D:6      | Reached XP level 8. HP: 42/43 MP: 13/13
  4832 | D:6      | Found an ornate altar of the Wu Jian Council.
  5359 | D:6      | Reached skill level 7 in Short Blades
  5702 | D:6      | Found an opulent altar of Gozag.
  6176 | D:7      | Reached skill level 8 in Short Blades
  6481 | D:7      | Reached XP level 9. HP: 48/48 MP: 12/14
  6517 | D:7      | Found an iron altar of Okawaru.
  6647 | D:7      | Noticed a two-headed ogre
  6670 | D:7      | Killed a two-headed ogre
  6671 | D:7      | Reached skill level 9 in Short Blades
  7091 | D:8      | Noticed a two-headed ogre
  7107 | D:8      | Killed a two-headed ogre
  7108 | D:8      | Reached skill level 10 in Short Blades
  7339 | D:8      | Noticed Joseph
  7362 | D:8      | Killed Joseph
  7363 | D:8      | Reached XP level 10. HP: 18/57 MP: 9/15
  7430 | D:8      | Noticed a gargoyle
  7441 | D:8      | Killed a gargoyle
  7520 | D:8      | Reached *** piety under Trog
  7723 | D:8      | Noticed Prince Ribbit
  7737 | D:8      | Killed Prince Ribbit
  7823 | D:8      | Noticed a cyan ugly thing
  7843 | D:8      | Slain by a cyan ugly thing

Illustrated notes

Levels and vault maps discovered:
D:1:      scummos_arrival_hexagon, layout_rooms, minmay_heptomino_l4
D:2:      layout_loops_ring, corexii_hall_statues_l, minmay_misc_feat_square,
          lightli_corner_chamber
D:3:      layout_basic, gammafunk_ghost_mausoleum,
          chequers_ecumenical_altar_island, serial_shops, shop,
          amethyst_killhole
D:4:      layout_basic, grunt_temple_overflow_open
D:5:      layout_gridville, temple_hall
D:6:      layout_cave_pods, mainiacjoe_overflow_alcove_1, lemuel_crystal_altar
D:7:      layout_gridville, okawaru_ov_weapons_minmay,
          minmay_misc_feat_nine_boxes, amcnicky_mini_corridor_feature
D:8:      layout_gridville, uniq_joseph, uniq_prince_ribbit1

Skill      XL: |  1  2  3  4  5  6  7  8  9 10 |
---------------+-------------------------------+-----
Short Blades   | 3 4 5 6 8 10 | 10.0
Spellcasting   | 1 2 |  2.8
Fighting       | 3 4 5 6 8 9 |  9.6
Armour         | |  1.5
Dodging        | |  1.5

Action                   |  1- 3 |  4- 6 |  7- 9 | 10-12 || total
-------------------------+-------+-------+-------+-------++-------
Melee: Short sword       |   116 |    36 |       |       ||   152
       Bite              |    30 |    48 |   165 |    20 ||   263
       Dagger            |       |   140 |   408 |    54 ||   602
       Punch             |       |       |     7 |       ||     7
Invok: Berserk           |       |       |     1 |       ||     1
       Trog's Hand       |       |       |     1 |       ||     1
  Use: Scroll            |       |     7 |     9 |       ||    16
       Potion            |       |       |     1 |       ||     1
 Stab: Sleeping          |       |     2 |     2 |       ||     4
Armor: Animal skin       |    24 |    39 |    81 |     1 ||   145
Dodge: Dodged            |    63 |   104 |   190 |    12 ||   369

Table legend: (Time is in decaauts)
 A = Elapsed time spent in this place.
 B = Non-inter-level travel time spent in this place.
 C = Inter-level travel time spent in this place.
 D = Time resting spent in this place.
 E = Time spent auto-exploring this place.
 F = Levels seen in this place.
 G = Mean time per level.
                   A        B        C        D        E       F      G
               +--------+--------+--------+--------+--------+-----+--------+
         Total |   7626 |   7297 |    329 |    803 |   5284 |   8 |  953.2 |
       Dungeon |   7626 |   7297 |    329 |    803 |   5284 |   8 |  953.2 |
               +--------+--------+--------+--------+--------+-----+--------+

Top non-repeatable levels by time:
     D:6: 1172 daAuts
     D:1: 1142 daAuts
     D:4: 1112 daAuts
     D:2: 949 daAuts
     D:7: 886 daAuts
     D:8: 878 daAuts
     D:5: 856 daAuts
     D:3: 627 daAuts
